Patriotes vs Griffins (R1)

Created - May 29, 2019 at 21:03

Goals
1 2 3 T
Patriotes 0 3 3 6
Griffins 0 1 4 5
Shots
1 2 3 T
Patriotes 6 15 15 36
Griffins 7 13 10 30

1st period

No Goal

Penalties :
No Penalty

2nd period

1. Griffins , Tye McGinn 12 (Jamie Arniel 14) at 0:24 (PP)
2. Patriotes , Shea Theodore 1 (Aleksander Barkov 6, Tyler Randell 8) at 10:06
3. Patriotes , Jason Zucker 13 (Shane Sims 13, Cody Eakin 20) at 10:14
4. Patriotes , Tyler Kennedy 8 (Shane Sims 14, Cody Eakin 21) at 10:46

Penalties :
Tyler Kennedy (Nyc) for High sticking (Minor) at 0:22, Dillon Heatherington (Nyc) for High sticking (Double Minor) at 3:19, Nathan Gerbe (Cap) for Roughing (Minor) at 10:51

3rd period

5. Griffins , Tye McGinn 13 (Jamie Arniel 15) at 0:44
6. Patriotes , Emerson Etem 3 (Timothy Kunes 12, Austin Watson 4) at 8:22
7. Patriotes , Tyler Kennedy 9 (Jason Zucker 10, David Kolomatis 5) at 8:39
8. Patriotes , Jason Zucker 14 (Tyler Kennedy 12, Cody Eakin 22) at 8:55 (PP)
9. Griffins , Nathan Gerbe 6 (Robert Dome 11) at 12:43
10. Griffins , Jamie Arniel 6 (Petr Pohl 9, Tye McGinn 8) at 14:29 (PP)
11. Griffins , Petr Pohl 6 (Jamie Arniel 16, Tye McGinn 9) at 15:44 (PP)

Penalties :
Nathan Gerbe (Cap) for Tripping (Minor) at 2:42, Bryan Young (Cap) for Tripping (Minor) at 8:44, Robert Dome (Cap) for Slashing (Minor) at 9:17, Timothy Kunes (Nyc) for High sticking (Minor) at 13:17, Shane Sims (Nyc) for Roughing (Minor) at 15:36, Timothy Kunes (Nyc) for Hooking (Minor) at 19:37

Goalie Stats

Marek Schwarz (Nyc), 25 saves from 30 shots - (0.833), W, 8-6-0, 60:00 minutes
Olivier Roy (Cap), 30 saves from 36 shots - (0.833), L, 4-3-0, 59:11 minutes

Players Stats for Patriotes

Player Name              G  A  P  +/- PIM S  H  SB GA TA FO     MP     PP MP  PK MP  
------------------------------------------------------------------------------------
Aleksander Barkov        0  1  1   1  0   2  2  0  1  0  3/4    10:49   0:00   0:00 
Andrew Gordon            0  0  0  -1  0   4  6  0  0  0  0/1    16:06   2:25   0:49 
Austin Watson            0  1  1   1  0   1  0  0  0  1  0/0     9:00   0:00   1:00 
Borna Rendulic           0  0  0   0  0   0  0  0  0  0  0/0     1:20   0:00   0:00 
Christian Hanson         0  0  0  -1  0   2  4  2  0  0  8/11   16:15   2:25   1:07 
Cody Eakin               0  3  3   2  0   2  2  0  1  0  15/32  23:31   3:43   3:11 
Dale Weise               0  0  0   0  0   0  0  0  0  0  0/0     0:00   0:00   0:00 
David Kolomatis          0  1  1  -1  0   0  1  2  0  0  0/0    22:40   2:30   2:33 
Dillon Heatherington     0  0  0   2  4   0  1  2  0  0  0/0    13:43   0:00   0:00 
Emerson Etem             1  0  1   1  0   2  0  0  0  0  0/0     8:00   0:00   0:00 
Jared Knight             0  0  0   1  0   2  0  0  0  0  0/0     8:00   0:00   0:00 
Jason Zucker             2  1  3   2  0   6  0  0  1  0  0/0    21:48   3:43   1:32 
Justin Florek            0  0  0   1  0   0  4  0  0  0  0/0    10:49   0:00   0:00 
Mario Lucia              0  0  0   0  0   0  0  0  0  0  0/0     0:00   0:00   0:00 
Matt Calvert             0  0  0  -1  0   2  1  0  0  0  0/0    15:08   2:25   0:00 
Maxim Mamin              0  0  0   0  0   0  0  0  0  0  0/0     0:00   0:00   0:00 
Riley Barber             0  0  0   0  0   0  0  0  0  0  0/0     0:00   0:00   0:00 
Robert Baillargeon       0  0  0   0  0   0  0  0  0  0  0/0     0:34   0:00   0:00 
Ryan Fitzgerald          0  0  0   0  0   0  0  0  0  0  1/2     1:12   0:00   1:12 
Shane Sims               0  2  2   2  2   3  3  1  0  0  0/0    28:01   3:38   3:10 
Shea Theodore            1  0  1   0  0   1  0  0  1  0  0/0    21:36   2:30   2:43 
Timothy Kunes            0  1  1   3  4   2  3  4  0  0  0/0    29:26   3:38   1:58 
Tyler Kennedy            2  1  3   2  2   5  4  1  0  2  2/7    23:24   3:43   3:06 
Tyler Randell            0  1  1   1  0   2  2  0  0  0  1/1    12:50   0:00   0:31 

Players Stats for Griffins

Player Name              G  A  P  +/- PIM S  H  SB GA TA FO     MP     PP MP  PK MP  
------------------------------------------------------------------------------------
Anton Slepyshev          0  0  0   0  0   0  1  0  0  0  0/0     7:59   0:00   0:00 
Ben Hanowski             0  0  0  -1  0   1  1  1  0  0  1/2    19:31   1:51   3:33 
Brendan Woods            0  0  0   0  0   1  0  1  0  0  0/0     8:35   0:21   0:00 
Bryan Young              0  0  0  -2  2   0  0  2  0  1  0/0    23:31   0:09   3:42 
Connor Brown             0  0  0  -1  0   1  1  0  1  0  0/0    13:09   1:00   0:00 
J.T. Brown               0  0  0  -1  0   1  3  0  0  0  0/0    14:06   0:43   1:14 
Jamie Arniel             1  3  4  -1  0   8  1  1  0  0  13/24  21:11   3:09   3:43 
Keith Seabrook           0  0  0  -2  0   1  0  2  0  0  0/0    16:47   1:30   0:00 
Mark Jankowski           0  0  0   0  0   0  0  0  0  0  0/1     8:52   0:22   0:16 
Mirco Mueller            0  0  0  -1  0   0  0  0  0  0  0/0     5:36   0:00   0:00 
Nathan Gerbe             1  0  1  -1  4   4  2  1  1  0  0/1    16:30   1:35   0:00 
Nathan Oystrick          0  0  0  -1  0   0  0  2  0  0  0/0    12:39   0:09   2:15 
Petr Pohl                1  1  2  -1  0   5  1  0  0  0  2/2    18:22   3:09   1:19 
Petter Granberg          0  0  0   1  0   1  1  0  0  0  0/0    17:20   4:04   0:11 
Quinton Howden           0  0  0  -1  0   1  0  0  0  1  2/6    12:09   0:00   0:00 
Robert Dome              0  1  1  -1  2   0  1  0  0  0  7/17   15:17   1:51   0:00 
Simon Despres            0  0  0  -2  0   3  2  2  0  2  0/0    23:59   4:04   2:15 
Ty Wishart               0  0  0   1  0   0  1  0  0  0  0/0    20:07   1:30   3:53 
Tye McGinn               2  2  4  -1  0   3  0  1  1  0  3/5    18:08   3:08   2:11 

3 Stars

1 - Tyler Kennedy (Nyc)
2 - Jason Zucker (Nyc)
3 - Tye McGinn (Cap)

Power Play

Patriotes - 1 on 4 Attempt(s) - 25.00%
Griffins - 3 on 6 Attempt(s) - 50.00%

Penalty Kill

Patriotes - 3 on 6 Attempt(s) - 50.00% - Score 0 goal in Penalty Kill
Griffins - 3 on 4 Attempt(s) - 75.00% - Score 0 goal in Penalty Kill

Team Stat

Patriotes - Hits : 33 - Faceoff Wins : 30 - Blocked Shots : 12 - Penalty Minutes : 12
Griffins - Hits : 15 - Faceoff Wins : 28 - Blocked Shots : 13 - Penalty Minutes : 8

Official

Referees : Unknown
Linesman : Unknown

Game Notes

Anton Slepyshev is injured at 11:56 of 3rd period (Left Forearm)

Finance

Level 1 -- Attendance: 2000 (100.00%) -- Ticket Income $70,000
Level 2 -- Attendance: 1000 (100.00%) -- Ticket Income $20,000
Total Attendance: 3000 (100.00%)
Total Ticket Income: $90,000
Other Income: $4,500
Total Income: $94,500

Patriotes

5 vs 5 Forward 
   Center                   Left Wing                Right Wing               Time % Phy DF OF 
 1 Cody Eakin               Jason Zucker             Tyler Kennedy            40     1   2  2  
 2 Christian Hanson         Matt Calvert             Andrew Gordon            30     1   2  2  
 3 Aleksander Barkov        Justin Florek            Tyler Randell            20     1   2  2  
 4 Jared Knight             Austin Watson            Emerson Etem             10     1   2  2  

5 vs 5 Defense 
   Defense                  Defense                                           Time % Phy DF OF 
 1 Timothy Kunes            Shane Sims                                        40     1   2  2  
 2 David Kolomatis          Shea Theodore                                     30     1   2  2  
 3 Dillon Heatherington     Timothy Kunes                                     20     1   2  2  
 4 Shane Sims               David Kolomatis                                   10     1   2  2  

PowerPlay Forward 
   Center                   Left Wing                Right Wing               Time % Phy DF OF 
 1 Cody Eakin               Jason Zucker             Tyler Kennedy            60     1   2  2  
 2 Christian Hanson         Matt Calvert             Andrew Gordon            40     1   2  2  

PowerPlay Defense
   Defense                  Defense                                           Time % Phy DF OF 
 1 Timothy Kunes            Shane Sims                                        60     1   2  2  
 2 David Kolomatis          Shea Theodore                                     40     1   2  2  

Penalty Kill 4 Players Forward 
   Center                   Wing                     Time % Phy DF OF 
 1 Tyler Kennedy            Cody Eakin               60     1   2  2  
 2 Andrew Gordon            Jason Zucker             40     1   2  2  

Penalty Kill 4 Players Defense
   Defense                  Defense                  Time % Phy DF OF 
 1 Timothy Kunes            Shane Sims               60     1   2  2  
 2 David Kolomatis          Shea Theodore            40     1   2  2  

Penalty Kill - 3 Players Forward 
   Forward                                           Time % Phy DF OF 
 1 Tyler Kennedy                                     60     1   2  2  
 2 Cody Eakin                                        40     1   2  2  

Penalty Kill - 3 Players Defense
   Defense                  Defense                  Time % Phy DF OF 
 1 Timothy Kunes            Shane Sims               60     1   2  2  
 2 David Kolomatis          Shea Theodore            40     1   2  2  

4 vs 4 Forward 
   Center                   Wing                     Time % Phy DF OF 
 1 Tyler Kennedy            Cody Eakin               60     1   2  2  
 2 Andrew Gordon            Jason Zucker             40     1   2  2  

4 vs 4 Defense
   Defense                  Defense                  Time % Phy DF OF 
 1 Timothy Kunes            Shane Sims               60     1   2  2  
 2 David Kolomatis          Shea Theodore            40     1   2  2  

Last Minutes Offensive
   Center                   Left Wing                Right Wing               Defense                  Defense                  
   Cody Eakin               Jason Zucker             Tyler Kennedy            Timothy Kunes            Shane Sims               

Last Minutes Defensive
   Center                   Left Wing                Right Wing               Defense                  Defense                  
   Cody Eakin               Jason Zucker             Tyler Kennedy            Timothy Kunes            Shane Sims               

Goaltenders
Starting : Marek Schwarz            
Backup : Thomas Greiss            

Extra Forwards
Normal : Borna Rendulic, Dale Weise, Ryan Fitzgerald - PP : Borna Rendulic, Dale Weise - PK : Ryan Fitzgerald
Extra Defensemen
Normal : Dillon Heatherington, Shea Theodore, Timothy Kunes - PP : Dillon Heatherington - PK : Shea Theodore, Timothy Kunes
Penalty Shots
Tyler Kennedy, Cody Eakin, Andrew Gordon, Jason Zucker, Christian Hanson

Scratches
Anthony Bitetto (Healthy), Aaron Ness (Broken Bone (Right Leg) Injury), Andrei Vasilevskiy (Healthy), Phoenix Copley (Healthy)

Griffins

5 vs 5 Forward 
   Center                   Left Wing                Right Wing               Time % Phy DF OF 
 1 Jamie Arniel             Tye McGinn               Petr Pohl                35     0   2  3  
 2 Robert Dome              Nathan Gerbe             Ben Hanowski             35     0   2  3  
 3 Quinton Howden           J.T. Brown               Connor Brown             20     0   2  3  
 4 Mark Jankowski           Brendan Woods            Anton Slepyshev          10     0   2  3  

5 vs 5 Defense 
   Defense                  Defense                                           Time % Phy DF OF 
 1 Simon Despres            Bryan Young                                       40     0   2  3  
 2 Petter Granberg          Ty Wishart                                        30     0   3  2  
 3 Nathan Oystrick          Keith Seabrook                                    20     0   3  2  
 4 Mirco Mueller            Keith Seabrook                                    10     1   2  2  

PowerPlay Forward 
   Center                   Left Wing                Right Wing               Time % Phy DF OF 
 1 Jamie Arniel             Tye McGinn               Petr Pohl                60     0   1  4  
 2 Robert Dome              Nathan Gerbe             Ben Hanowski             40     0   1  4  

PowerPlay Defense
   Defense                  Defense                                           Time % Phy DF OF 
 1 Petter Granberg          Simon Despres                                     60     0   1  4  
 2 Ty Wishart               Keith Seabrook                                    40     0   1  4  

Penalty Kill 4 Players Forward 
   Center                   Wing                     Time % Phy DF OF 
 1 Jamie Arniel             Ben Hanowski             60     1   2  2  
 2 Tye McGinn               J.T. Brown               40     1   2  2  

Penalty Kill 4 Players Defense
   Defense                  Defense                  Time % Phy DF OF 
 1 Ty Wishart               Bryan Young              60     1   2  2  
 2 Nathan Oystrick          Simon Despres            40     1   2  2  

Penalty Kill - 3 Players Forward 
   Forward                                           Time % Phy DF OF 
 1 J.T. Brown                                        60     1   2  2  
 2 Jamie Arniel                                      40     1   2  2  

Penalty Kill - 3 Players Defense
   Defense                  Defense                  Time % Phy DF OF 
 1 Simon Despres            Bryan Young              60     1   2  2  
 2 Nathan Oystrick          Simon Despres            40     1   2  2  

4 vs 4 Forward 
   Center                   Wing                     Time % Phy DF OF 
 1 Jamie Arniel             Petr Pohl                50     1   2  2  
 2 Nathan Gerbe             Tye McGinn               50     1   2  2  

4 vs 4 Defense
   Defense                  Defense                  Time % Phy DF OF 
 1 Simon Despres            Keith Seabrook           60     1   2  2  
 2 Petter Granberg          Bryan Young              40     1   2  2  

Last Minutes Offensive
   Center                   Left Wing                Right Wing               Defense                  Defense                  
   Jamie Arniel             Nathan Gerbe             Petr Pohl                Petter Granberg          Simon Despres            

Last Minutes Defensive
   Center                   Left Wing                Right Wing               Defense                  Defense                  
   Ben Hanowski             Tye McGinn               J.T. Brown               Bryan Young              Nathan Oystrick          

Goaltenders
Starting : Olivier Roy              
Backup : Jean-Francois Berube     

Extra Forwards
Normal : Petr Pohl, Ben Hanowski, Connor Brown - PP : Connor Brown, Robert Dome - PK : Petr Pohl
Extra Defensemen
Normal : Simon Despres, Petter Granberg, Bryan Young - PP : Bryan Young - PK : Petter Granberg, Ty Wishart
Penalty Shots
Nathan Gerbe, Jamie Arniel, Connor Brown, Robert Dome, Petr Pohl

Scratches
Vladislav Namestnikov (Healthy), Garrett Wilson (Healthy), Tanner Kero (Healthy), Greg McKegg (Healthy), Jerome Gauthier-Leduc (Healthy)
Nicholas Baptiste (Healthy), Konrad Abeltshauser (Healthy), Tomas Hyka (Healthy), Brian Hart (Healthy), Ian McCoshen (Healthy)
Marko Dano (Fractured Left Foot Injury), Marcus Hogberg (Healthy), Matt Tomkins (Healthy)

% Time on Ice - Patriotes

Lines # - Real PCT - Wanted PCT - Time Play
Normal Forward
1 - 33% - 40% - 15:46
2 - 27% - 30% - 12:43
3 - 23% - 20% - 10:49
4 - 17% - 10% - 8:00
Normal Defense
1 - 38% - 40% - 17:46
2 - 32% - 30% - 15:19
3 - 23% - 20% - 10:40
4 - 8% - 10% - 3:33
PP Forward
1 - 61% - 60% - 3:43
2 - 39% - 40% - 2:25
PP Defense
1 - 59% - 60% - 3:38
2 - 41% - 40% - 2:30
PK Forward
1 - 92% - 60% - 5:17
2 - 8% - 40% - 0:26
PK Defense
1 - 64% - 60% - 3:41
2 - 36% - 40% - 2:02
PK3 Forward
1 - 0% - 60%
2 - 0% - 40%
PK3 Defense
1 - 0% - 60%
2 - 0% - 40%
44 Forward
1 - 0% - 60%
2 - 0% - 40%
44 Defense
1 - 0% - 60%
2 - 0% - 40%
Last Minute Offensive  - 0:00
Last Minute Defensive  - 0:51
Total
Forward - 60:00
Defense - 60:00

% Time on Ice - Griffins

Lines # - Real PCT - Wanted PCT - Time Play
Normal Forward
1 - 29% - 35% - 13:30
2 - 28% - 35% - 13:26
3 - 26% - 20% - 12:09
4 - 17% - 10% - 8:14
Normal Defense
1 - 41% - 40% - 19:14
2 - 29% - 30% - 13:38
3 - 20% - 20% - 9:19
4 - 11% - 10% - 5:08
PP Forward
1 - 64% - 60% - 3:40
2 - 36% - 40% - 2:03
PP Defense
1 - 74% - 60% - 4:13
2 - 26% - 40% - 1:30
PK Forward
1 - 80% - 60% - 4:54
2 - 20% - 40% - 1:14
PK Defense
1 - 63% - 60% - 3:53
2 - 37% - 40% - 2:15
PK3 Forward
1 - 0% - 60%
2 - 0% - 40%
PK3 Defense
1 - 0% - 60%
2 - 0% - 40%
44 Forward
1 - 0% - 50%
2 - 0% - 50%
44 Defense
1 - 0% - 60%
2 - 0% - 40%
Last Minute Offensive  - 0:50
Last Minute Defensive  - 0:00
Total
Forward - 60:00
Defense - 60:00

Play-by-Play

1st period


0:01 of 1st period - Jamie Arniel wins face-off versus Cody Eakin in neutral zone.
1:18 of 1st period - Wrist shot by Jared Knight.
1:18 of 1st period - Stopped by Olivier Roy with a rebound.
1:32 of 1st period - Snap shot by Jamie Arniel.
1:32 of 1st period - Stopped by Marek Schwarz without a rebound.
1:33 of 1st period - Jamie Arniel wins face-off versus Cody Eakin in Patriotes zone.
1:46 of 1st period - Slapshot by Tye McGinn.
1:46 of 1st period - Stopped by Marek Schwarz with a rebound.
1:48 of 1st period - Slapshot by Petter Granberg.
1:48 of 1st period - Stopped by Marek Schwarz with a rebound.
2:21 of 1st period - Snap shot by Shane Sims.
2:21 of 1st period - Shot Blocked by Keith Seabrook.
2:23 of 1st period - Slapshot by Shane Sims.
2:23 of 1st period - Shot Misses the Net.
2:25 of 1st period - Slapshot by Shane Sims.
2:25 of 1st period - Shot Blocked by Nathan Oystrick.
2:27 of 1st period - Snap shot by David Kolomatis.
2:27 of 1st period - Shot Blocked by Nathan Oystrick.
2:59 of 1st period - Snap shot by Tye McGinn.
2:59 of 1st period - Shot Blocked by Dillon Heatherington.
3:54 of 1st period - Slapshot by Shea Theodore.
3:54 of 1st period - Deflect By Aleksander Barkov.
3:54 of 1st period - Stopped by Olivier Roy with a rebound.
4:14 of 1st period - Snap shot by Jamie Arniel.
4:14 of 1st period - Shot Misses the Net.
5:16 of 1st period - Off-side.
5:17 of 1st period - Tyler Randell wins face-off versus Quinton Howden in neutral zone.
5:29 of 1st period - Slapshot by Tyler Randell.
5:29 of 1st period - Stopped by Olivier Roy with a rebound.
5:49 of 1st period - Wrist shot by Tyler Kennedy.
5:49 of 1st period - Stopped by Olivier Roy with a rebound.
6:32 of 1st period - David Kolomatis is hit by J.T. Brown and loses puck.
6:45 of 1st period - Wrist shot by Quinton Howden.
6:45 of 1st period - Stopped by Marek Schwarz with a rebound.
7:41 of 1st period - Shane Sims is hit by J.T. Brown and loses puck.
7:48 of 1st period - Slapshot by Quinton Howden.
7:48 of 1st period - Shot Misses the Net.
7:50 of 1st period - Snap shot by Petter Granberg.
7:50 of 1st period - Shot Hit the Post.
8:04 of 1st period - Icing by Mirco Mueller.
8:05 of 1st period - Christian Hanson wins face-off versus Quinton Howden in Griffins zone.
9:19 of 1st period - Dillon Heatherington is hit by Anton Slepyshev and loses puck.
11:20 of 1st period - Borna Rendulic is hit by Ben Hanowski and loses puck.
11:35 of 1st period - Petter Granberg is hit by Andrew Gordon and loses puck.
12:39 of 1st period - Bryan Young is hit by Andrew Gordon.
13:31 of 1st period - Icing by Andrew Gordon.
13:32 of 1st period - Cody Eakin wins face-off versus Mark Jankowski in Patriotes zone.
13:47 of 1st period - Jared Knight is hit by Petr Pohl and loses puck.
13:58 of 1st period - Jared Knight is hit by Nathan Gerbe and loses puck.
14:49 of 1st period - Petter Granberg is hit by Andrew Gordon and loses puck.
15:23 of 1st period - Wrist shot by Brendan Woods.
15:23 of 1st period - Shot Misses the Net.
15:37 of 1st period - Jamie Arniel is hit by Andrew Gordon and loses puck.
15:48 of 1st period - Bryan Young is hit by Christian Hanson and loses puck.
16:13 of 1st period - Shea Theodore is hit by Robert Dome and loses puck.
16:24 of 1st period - Slapshot by Austin Watson.
16:24 of 1st period - Stopped by Olivier Roy with a rebound.
16:26 of 1st period - Slapshot by Timothy Kunes.
16:26 of 1st period - Shot Blocked by Brendan Woods.
16:46 of 1st period - Robert Dome is hit by David Kolomatis and loses puck.
17:05 of 1st period - Snap shot by Brendan Woods.
17:05 of 1st period - Stopped by Marek Schwarz with a rebound.
17:19 of 1st period - Backhand shot by J.T. Brown.
17:19 of 1st period - Shot Misses the Net.
17:21 of 1st period - Backhand shot by Simon Despres.
17:21 of 1st period - Stopped by Marek Schwarz with a rebound.
17:42 of 1st period - Snap shot by Petr Pohl.
17:42 of 1st period - Stopped by Marek Schwarz with a rebound.
18:20 of 1st period - Jason Zucker is hit by Simon Despres and loses puck.
18:55 of 1st period - Tye McGinn is hit by Justin Florek.
19:04 of 1st period - Wrist shot by Aleksander Barkov.
19:04 of 1st period - Deflect By Justin Florek.
19:04 of 1st period - Shot Misses the Net.
19:04 of 1st period - Puck is out of play.
19:05 of 1st period - Cody Eakin wins face-off versus Robert Dome in Griffins zone.
19:14 of 1st period - Snap shot by Tyler Kennedy.
19:14 of 1st period - Stopped by Olivier Roy with a rebound.
19:16 of 1st period - Wrist shot by Cody Eakin.
19:16 of 1st period - Shot Misses the Net.
19:18 of 1st period - Slapshot by Tyler Kennedy.
19:18 of 1st period - Shot Blocked by Ben Hanowski.
Goals for this period are 0 for Patriotes vs 0 for Griffins.
Shots for this period are 6 for Patriotes vs 7 for Griffins.

2nd period


0:01 of 2nd period - Jamie Arniel wins face-off versus Tyler Kennedy in neutral zone.
0:01 of 2nd period - Tye McGinn is hit by Cody Eakin and loses puck.
0:05 of 2nd period - Simon Despres is hit by Shane Sims and loses puck.
0:22 of 2nd period - Minor Penalty to Tyler Kennedy for High sticking.
0:23 of 2nd period - Jamie Arniel wins face-off versus Ryan Fitzgerald in Patriotes zone.
0:24 of 2nd period - Snap shot by Tye McGinn.
0:24 of 2nd period - Goal by Tye McGinn - Patriotes : 0 - Griffins : 1.
0:25 of 2nd period - Jamie Arniel wins face-off versus Cody Eakin in neutral zone.
0:53 of 2nd period - Snap shot by Tyler Kennedy.
0:53 of 2nd period - Shot Misses the Net.
1:02 of 2nd period - Wrist shot by Timothy Kunes.
1:02 of 2nd period - Stopped by Olivier Roy without a rebound.
1:03 of 2nd period - Christian Hanson wins face-off versus Jamie Arniel in Griffins zone.
1:04 of 2nd period - Snap shot by Andrew Gordon.
1:04 of 2nd period - Stopped by Olivier Roy without a rebound.
1:05 of 2nd period - Christian Hanson wins face-off versus Jamie Arniel in Griffins zone.
1:06 of 2nd period - Snap shot by Matt Calvert.
1:06 of 2nd period - Stopped by Olivier Roy without a rebound.
1:07 of 2nd period - Tye McGinn wins face-off versus Christian Hanson in Griffins zone.
1:07 of 2nd period - Tye McGinn is hit by Andrew Gordon.
1:15 of 2nd period - Snap shot by Tye McGinn.
1:15 of 2nd period - Deflect By Jamie Arniel.
1:15 of 2nd period - Shot Misses the Net.
1:15 of 2nd period - Puck is out of play.
1:16 of 2nd period - Tye McGinn wins face-off versus Cody Eakin in Patriotes zone.
1:17 of 2nd period - Snap shot by Jamie Arniel.
1:17 of 2nd period - Stopped by Marek Schwarz without a rebound.
1:18 of 2nd period - Jamie Arniel wins face-off versus Cody Eakin in Patriotes zone.
1:23 of 2nd period - Snap shot by Petr Pohl.
1:23 of 2nd period - Stopped by Marek Schwarz with a rebound.
1:52 of 2nd period - Wrist shot by Nathan Gerbe.
1:52 of 2nd period - Stopped by Marek Schwarz with a rebound.
1:54 of 2nd period - Slapshot by Robert Dome.
1:54 of 2nd period - Shot Misses the Net.
1:56 of 2nd period - Wrist shot by Ben Hanowski.
1:56 of 2nd period - Shot Blocked by Shane Sims.
1:58 of 2nd period - Snap shot by Nathan Gerbe.
1:58 of 2nd period - Shot Misses the Net.
2:38 of 2nd period - Slapshot by Christian Hanson.
2:38 of 2nd period - Deflect By Andrew Gordon.
2:38 of 2nd period - Stopped by Olivier Roy with a rebound.
2:40 of 2nd period - Slapshot by Christian Hanson.
2:40 of 2nd period - Stopped by Olivier Roy without a rebound.
2:41 of 2nd period - Robert Dome wins face-off versus Tyler Kennedy in Griffins zone.
3:15 of 2nd period - Wrist shot by Petr Pohl.
3:15 of 2nd period - Deflect By Jamie Arniel.
3:15 of 2nd period - Stopped by Marek Schwarz without a rebound.
3:16 of 2nd period - Robert Dome wins face-off versus Cody Eakin in Patriotes zone.
3:17 of 2nd period - Wrist shot by Nathan Gerbe.
3:17 of 2nd period - Stopped by Marek Schwarz with a rebound.
3:19 of 2nd period - Double Minor Penalty to Dillon Heatherington for High sticking.
3:20 of 2nd period - Jamie Arniel wins face-off versus Tyler Kennedy in Patriotes zone.
3:51 of 2nd period - Snap shot by Nathan Gerbe.
3:51 of 2nd period - Deflect By Tyler Kennedy.
3:51 of 2nd period - Shot Blocked by Timothy Kunes.
3:51 of 2nd period - Puck is out of play.
3:52 of 2nd period - Jamie Arniel wins face-off versus Tyler Kennedy in Patriotes zone.
7:19 of 2nd period - Penalty to Dillon Heatherington is over, Dillon Heatherington is back on ice.
7:33 of 2nd period - Keith Seabrook is hit by Aleksander Barkov and loses puck.
7:52 of 2nd period - Quinton Howden is hit by Timothy Kunes and loses puck.
8:13 of 2nd period - Nathan Gerbe is hit by Tyler Randell and loses puck.
8:38 of 2nd period - Timothy Kunes is hit by Connor Brown and loses puck.
8:48 of 2nd period - Icing by Ty Wishart.
8:49 of 2nd period - Quinton Howden wins face-off versus Cody Eakin in Griffins zone.
9:06 of 2nd period - Tye McGinn is hit by Cody Eakin and loses puck.
9:22 of 2nd period - Ty Wishart is hit by Christian Hanson and loses puck.
10:06 of 2nd period - Slapshot by Shea Theodore.
10:06 of 2nd period - Goal by Shea Theodore - Patriotes : 1 - Griffins : 1.
10:07 of 2nd period - Cody Eakin wins face-off versus Jamie Arniel in neutral zone.
10:14 of 2nd period - Wrist shot by Jason Zucker.
10:14 of 2nd period - Deflect By Simon Despres.
10:14 of 2nd period - Goal by Jason Zucker - Patriotes : 2 - Griffins : 1.
10:15 of 2nd period - Cody Eakin wins face-off versus Robert Dome in neutral zone.
10:18 of 2nd period - Slapshot by Timothy Kunes.
10:18 of 2nd period - Shot Blocked by Bryan Young.
10:20 of 2nd period - Slapshot by Shane Sims.
10:20 of 2nd period - Stopped by Olivier Roy without a rebound.
10:21 of 2nd period - Cody Eakin wins face-off versus Robert Dome in Griffins zone.
10:30 of 2nd period - Wrist shot by Jason Zucker.
10:30 of 2nd period - Stopped by Olivier Roy without a rebound.
10:31 of 2nd period - Cody Eakin wins face-off versus Tye McGinn in Griffins zone.
10:40 of 2nd period - Wrist shot by Tyler Kennedy.
10:40 of 2nd period - Deflect By Jason Zucker.
10:40 of 2nd period - Stopped by Olivier Roy with a rebound.
10:42 of 2nd period - Snap shot by Cody Eakin.
10:42 of 2nd period - Shot Misses the Net.
10:44 of 2nd period - Wrist shot by Shane Sims.
10:44 of 2nd period - Deflect By Simon Despres.
10:44 of 2nd period - Stopped by Olivier Roy with a rebound.
10:46 of 2nd period - Snap shot by Tyler Kennedy.
10:46 of 2nd period - Goal by Tyler Kennedy - Patriotes : 3 - Griffins : 1.
10:47 of 2nd period - Cody Eakin wins face-off versus Robert Dome in neutral zone.
10:51 of 2nd period - Minor Penalty to Nathan Gerbe for Roughing.
10:52 of 2nd period - Jamie Arniel wins face-off versus Cody Eakin in Griffins zone.
11:29 of 2nd period - Wrist shot by Cody Eakin.
11:29 of 2nd period - Stopped by Olivier Roy without a rebound.
11:30 of 2nd period - Jamie Arniel wins face-off versus Andrew Gordon in Griffins zone.
11:30 of 2nd period - Jamie Arniel is hit by Christian Hanson.
12:51 of 2nd period - Penalty to Nathan Gerbe is over, Nathan Gerbe is back on ice.
13:22 of 2nd period - Slapshot by Quinton Howden.
13:22 of 2nd period - Shot Misses the Net.
13:24 of 2nd period - Wrist shot by J.T. Brown.
13:24 of 2nd period - Shot Misses the Net.
13:26 of 2nd period - Snap shot by Connor Brown.
13:26 of 2nd period - Deflect By J.T. Brown.
13:26 of 2nd period - Shot Misses the Net.
13:26 of 2nd period - Puck is out of play.
13:27 of 2nd period - Aleksander Barkov wins face-off versus Quinton Howden in Patriotes zone.
13:44 of 2nd period - Nathan Oystrick is hit by Justin Florek and loses puck.
14:11 of 2nd period - Snap shot by Connor Brown.
14:11 of 2nd period - Stopped by Marek Schwarz with a rebound.
14:13 of 2nd period - Snap shot by Nathan Oystrick.
14:13 of 2nd period - Shot Misses the Net.
14:15 of 2nd period - Slapshot by J.T. Brown.
14:15 of 2nd period - Shot Blocked by Dillon Heatherington.
14:17 of 2nd period - Slapshot by Keith Seabrook.
14:17 of 2nd period - Stopped by Marek Schwarz with a rebound.
14:19 of 2nd period - Snap shot by J.T. Brown.
14:19 of 2nd period - Stopped by Marek Schwarz without a rebound.
14:20 of 2nd period - Christian Hanson wins face-off versus Nathan Gerbe in Patriotes zone.
14:29 of 2nd period - Snap shot by Andrew Gordon.
14:29 of 2nd period - Stopped by Olivier Roy with a rebound.
14:31 of 2nd period - Slapshot by Shea Theodore.
14:31 of 2nd period - Shot Misses the Net.
14:33 of 2nd period - Snap shot by Christian Hanson.
14:33 of 2nd period - Deflect By Andrew Gordon.
14:33 of 2nd period - Shot Blocked by Bryan Young.
14:33 of 2nd period - Puck is out of play.
14:34 of 2nd period - Petr Pohl wins face-off versus Cody Eakin in Griffins zone.
14:45 of 2nd period - Slapshot by Ty Wishart.
14:45 of 2nd period - Shot Blocked by Tyler Kennedy.
15:28 of 2nd period - Bryan Young is hit by Shane Sims and loses puck.
15:48 of 2nd period - Slapshot by Jason Zucker.
15:48 of 2nd period - Shot Misses the Net.
15:57 of 2nd period - Icing by Petr Pohl.
15:58 of 2nd period - Christian Hanson wins face-off versus Jamie Arniel in Griffins zone.
16:01 of 2nd period - Backhand shot by Andrew Gordon.
16:01 of 2nd period - Shot Misses the Net.
16:13 of 2nd period - Snap shot by Petr Pohl.
16:13 of 2nd period - Stopped by Marek Schwarz with a rebound.
16:31 of 2nd period - Snap shot by Petr Pohl.
16:31 of 2nd period - Shot Blocked by Christian Hanson.
16:33 of 2nd period - Snap shot by Simon Despres.
16:33 of 2nd period - Stopped by Marek Schwarz with a rebound.
16:35 of 2nd period - Snap shot by Petr Pohl.
16:35 of 2nd period - Shot Hit the Post.
16:37 of 2nd period - Snap shot by Jamie Arniel.
16:37 of 2nd period - Shot Blocked by David Kolomatis.
16:49 of 2nd period - Snap shot by Petr Pohl.
16:49 of 2nd period - Stopped by Marek Schwarz with a rebound.
16:51 of 2nd period - Wrist shot by Jamie Arniel.
16:51 of 2nd period - Shot Blocked by Christian Hanson.
17:15 of 2nd period - Snap shot by Matt Calvert.
17:15 of 2nd period - Stopped by Olivier Roy without a rebound.
17:16 of 2nd period - Cody Eakin wins face-off versus Robert Dome in Griffins zone.
17:30 of 2nd period - Wrist shot by Nathan Gerbe.
17:30 of 2nd period - Shot Misses the Net.
17:32 of 2nd period - Snap shot by Petter Granberg.
17:32 of 2nd period - Deflect By Ben Hanowski.
17:32 of 2nd period - Stopped by Marek Schwarz with a rebound.
17:42 of 2nd period - Petter Granberg is hit by Justin Florek and loses puck.
18:14 of 2nd period - Slapshot by Emerson Etem.
18:14 of 2nd period - Shot Misses the Net.
18:35 of 2nd period - Justin Florek is hit by J.T. Brown and loses puck.
18:59 of 2nd period - Petter Granberg is hit by Tyler Kennedy.
19:56 of 2nd period - Keith Seabrook is hit by Tyler Kennedy and loses puck.
Goals for this period are 3 for Patriotes vs 1 for Griffins.
Shots for this period are 15 for Patriotes vs 13 for Griffins.

3rd period


0:01 of 3rd period - Robert Dome wins face-off versus Cody Eakin in neutral zone.
0:26 of 3rd period - Bryan Young is hit by Justin Florek and loses puck.
0:31 of 3rd period - Snap shot by Aleksander Barkov.
0:31 of 3rd period - Stopped by Olivier Roy with a rebound.
0:33 of 3rd period - Snap shot by Tyler Randell.
0:33 of 3rd period - Deflect By Nathan Gerbe.
0:33 of 3rd period - Stopped by Olivier Roy without a rebound.
0:34 of 3rd period - Jamie Arniel wins face-off versus Cody Eakin in Griffins zone.
0:34 of 3rd period - Jamie Arniel is hit by Tyler Kennedy.
0:42 of 3rd period - Wrist shot by Jamie Arniel.
0:42 of 3rd period - Stopped by Marek Schwarz with a rebound.
0:44 of 3rd period - Backhand shot by Tye McGinn.
0:44 of 3rd period - Goal by Tye McGinn - Patriotes : 3 - Griffins : 2.
0:45 of 3rd period - Cody Eakin wins face-off versus Robert Dome in neutral zone.
1:11 of 3rd period - Bryan Young is hit by Timothy Kunes and loses puck.
1:23 of 3rd period - Off-side.
1:24 of 3rd period - Robert Dome wins face-off versus Aleksander Barkov in neutral zone.
1:24 of 3rd period - Robert Dome is hit by Aleksander Barkov.
1:38 of 3rd period - Nathan Gerbe is hit by Tyler Randell and loses puck.
1:49 of 3rd period - Cody Eakin is hit by Petter Granberg and loses puck.
2:15 of 3rd period - Off-side.
2:16 of 3rd period - Quinton Howden wins face-off versus Christian Hanson in neutral zone.
2:35 of 3rd period - Wrist shot by Christian Hanson.
2:35 of 3rd period - Stopped by Olivier Roy with a rebound.
2:37 of 3rd period - Slapshot by Shane Sims.
2:37 of 3rd period - Shot Blocked by Simon Despres.
2:39 of 3rd period - Wrist shot by Andrew Gordon.
2:39 of 3rd period - Stopped by Olivier Roy without a rebound.
2:40 of 3rd period - Robert Dome wins face-off versus Cody Eakin in Griffins zone.
2:42 of 3rd period - Minor Penalty to Nathan Gerbe for Tripping.
2:43 of 3rd period - Cody Eakin wins face-off versus Jamie Arniel in Griffins zone.
3:38 of 3rd period - Icing by Christian Hanson.
3:39 of 3rd period - Christian Hanson wins face-off versus Jamie Arniel in Patriotes zone.
4:08 of 3rd period - Wrist shot by Tye McGinn.
4:08 of 3rd period - Shot Blocked by David Kolomatis.
4:36 of 3rd period - Wrist shot by Jason Zucker.
4:36 of 3rd period - Stopped by Olivier Roy without a rebound.
4:37 of 3rd period - Christian Hanson wins face-off versus Jamie Arniel in Griffins zone.
4:42 of 3rd period - Penalty to Nathan Gerbe is over, Nathan Gerbe is back on ice.
5:32 of 3rd period - Snap shot by Jared Knight.
5:32 of 3rd period - Stopped by Olivier Roy with a rebound.
5:48 of 3rd period - Slapshot by Christian Hanson.
5:48 of 3rd period - Shot Misses the Net.
5:50 of 3rd period - Slapshot by Shea Theodore.
5:50 of 3rd period - Shot Blocked by Keith Seabrook.
5:52 of 3rd period - Wrist shot by Matt Calvert.
5:52 of 3rd period - Shot Misses the Net.
6:40 of 3rd period - Wrist shot by Emerson Etem.
6:40 of 3rd period - Stopped by Olivier Roy with a rebound.
7:04 of 3rd period - Nathan Gerbe is hit by Matt Calvert.
7:44 of 3rd period - Aleksander Barkov is hit by Ty Wishart and loses puck.
8:09 of 3rd period - Emerson Etem is hit by Simon Despres and loses puck.
8:20 of 3rd period - Slapshot by Timothy Kunes.
8:20 of 3rd period - Stopped by Olivier Roy with a rebound.
8:22 of 3rd period - Snap shot by Emerson Etem.
8:22 of 3rd period - Goal by Emerson Etem - Patriotes : 4 - Griffins : 2.
8:23 of 3rd period - Robert Dome wins face-off versus Cody Eakin in neutral zone.
8:37 of 3rd period - Slapshot by Jason Zucker.
8:37 of 3rd period - Shot Misses the Net.
8:39 of 3rd period - Snap shot by Tyler Kennedy.
8:39 of 3rd period - Goal by Tyler Kennedy - Patriotes : 5 - Griffins : 2.
8:40 of 3rd period - Cody Eakin wins face-off versus Robert Dome in neutral zone.
8:44 of 3rd period - Minor Penalty to Bryan Young for Tripping.
8:45 of 3rd period - Jamie Arniel wins face-off versus Cody Eakin in Griffins zone.
8:55 of 3rd period - Snap shot by Jason Zucker.
8:55 of 3rd period - Goal by Jason Zucker - Patriotes : 6 - Griffins : 2.
8:56 of 3rd period - Cody Eakin wins face-off versus Robert Dome in neutral zone.
8:59 of 3rd period - Slapshot by Shane Sims.
8:59 of 3rd period - Deflect By Ben Hanowski.
8:59 of 3rd period - Stopped by Olivier Roy with a rebound.
9:01 of 3rd period - Wrist shot by Shane Sims.
9:01 of 3rd period - Shot Blocked by Nathan Gerbe.
9:03 of 3rd period - Slapshot by Shane Sims.
9:03 of 3rd period - Shot Blocked by Simon Despres.
9:05 of 3rd period - Slapshot by Shane Sims.
9:05 of 3rd period - Shot Misses the Net.
9:17 of 3rd period - Minor Penalty to Robert Dome for Slashing.
9:18 of 3rd period - Cody Eakin wins face-off versus Ben Hanowski in Griffins zone.
9:23 of 3rd period - Wrist shot by Jason Zucker.
9:23 of 3rd period - Shot Misses the Net.
9:32 of 3rd period - Off-side.
9:33 of 3rd period - Jamie Arniel wins face-off versus Cody Eakin in neutral zone.
9:45 of 3rd period - Bryan Young is hit by Tyler Kennedy and loses puck.
11:12 of 3rd period - Nathan Oystrick is hit by Christian Hanson and loses puck.
11:17 of 3rd period - Penalty to Robert Dome is over, Robert Dome is back on ice.
11:22 of 3rd period - Off-side.
11:23 of 3rd period - Aleksander Barkov wins face-off versus Quinton Howden in neutral zone.
11:55 of 3rd period - Anton Slepyshev is hit by Timothy Kunes and loses puck.
11:56 of 3rd period - Anton Slepyshev from Griffins is injured at 11:56 of 3rd period (Left Forearm).
11:57 of 3rd period - Cody Eakin wins face-off versus Jamie Arniel in Griffins zone.
12:07 of 3rd period - Icing by Bryan Young.
12:08 of 3rd period - Cody Eakin wins face-off versus Jamie Arniel in Griffins zone.
12:15 of 3rd period - Slapshot by Simon Despres.
12:15 of 3rd period - Shot Blocked by Timothy Kunes.
12:17 of 3rd period - Slapshot by Tye McGinn.
12:17 of 3rd period - Shot Blocked by Timothy Kunes.
12:19 of 3rd period - Wrist shot by Petr Pohl.
12:19 of 3rd period - Shot Misses the Net.
12:21 of 3rd period - Wrist shot by Petr Pohl.
12:21 of 3rd period - Shot Misses the Net.
12:41 of 3rd period - Snap shot by Jamie Arniel.
12:41 of 3rd period - Stopped by Marek Schwarz without a rebound.
12:42 of 3rd period - Robert Dome wins face-off versus Christian Hanson in Patriotes zone.
12:43 of 3rd period - Slapshot by Nathan Gerbe.
12:43 of 3rd period - Goal by Nathan Gerbe - Patriotes : 6 - Griffins : 3.
12:44 of 3rd period - Ben Hanowski wins face-off versus Cody Eakin in neutral zone.
13:00 of 3rd period - Snap shot by Nathan Gerbe.
13:00 of 3rd period - Stopped by Marek Schwarz with a rebound.
13:10 of 3rd period - Tye McGinn is hit by Andrew Gordon.
13:17 of 3rd period - Minor Penalty to Timothy Kunes for High sticking.
13:18 of 3rd period - Tyler Kennedy wins face-off versus Jamie Arniel in Patriotes zone.
13:18 of 3rd period - Tyler Kennedy is hit by Jamie Arniel.
13:31 of 3rd period - Off-side.
13:32 of 3rd period - Tyler Kennedy wins face-off versus Tye McGinn in neutral zone.
13:35 of 3rd period - Snap shot by Cody Eakin.
13:35 of 3rd period - Stopped by Olivier Roy with a rebound.
13:37 of 3rd period - Slapshot by Shea Theodore.
13:37 of 3rd period - Shot Blocked by Tye McGinn.
13:39 of 3rd period - Wrist shot by Tyler Kennedy.
13:39 of 3rd period - Shot Misses the Net.
13:41 of 3rd period - Slapshot by Shea Theodore.
13:41 of 3rd period - Shot Misses the Net.
13:43 of 3rd period - Slapshot by Tyler Kennedy.
13:43 of 3rd period - Shot Blocked by Jamie Arniel.
13:59 of 3rd period - Slapshot by Tyler Kennedy.
13:59 of 3rd period - Stopped by Olivier Roy with a rebound.
14:29 of 3rd period - Wrist shot by Jamie Arniel.
14:29 of 3rd period - Goal by Jamie Arniel - Patriotes : 6 - Griffins : 4.
14:30 of 3rd period - Christian Hanson wins face-off versus Robert Dome in neutral zone.
15:21 of 3rd period - Keith Seabrook is hit by Shane Sims.
15:34 of 3rd period - Wrist shot by Simon Despres.
15:34 of 3rd period - Stopped by Marek Schwarz with a rebound.
15:36 of 3rd period - Minor Penalty to Shane Sims for Roughing.
15:37 of 3rd period - Petr Pohl wins face-off versus Tyler Kennedy in Patriotes zone.
15:44 of 3rd period - Wrist shot by Petr Pohl.
15:44 of 3rd period - Goal by Petr Pohl - Patriotes : 6 - Griffins : 5.
15:45 of 3rd period - Tye McGinn wins face-off versus Cody Eakin in neutral zone.
15:54 of 3rd period - Snap shot by Jamie Arniel.
15:54 of 3rd period - Stopped by Marek Schwarz with a rebound.
15:56 of 3rd period - Slapshot by Jamie Arniel.
15:56 of 3rd period - Stopped by Marek Schwarz with a rebound.
15:58 of 3rd period - Slapshot by Petr Pohl.
15:58 of 3rd period - Shot Blocked by Timothy Kunes.
16:18 of 3rd period - Off-side.
16:19 of 3rd period - Aleksander Barkov wins face-off versus Jamie Arniel in neutral zone.
16:22 of 3rd period - Wrist shot by Tyler Randell.
16:22 of 3rd period - Shot Misses the Net.
16:34 of 3rd period - Snap shot by Tye McGinn.
16:34 of 3rd period - Shot Misses the Net.
16:54 of 3rd period - Wrist shot by Matt Calvert.
16:54 of 3rd period - Shot Misses the Net.
16:56 of 3rd period - Wrist shot by Andrew Gordon.
16:56 of 3rd period - Shot Misses the Net.
17:44 of 3rd period - Wrist shot by Petr Pohl.
17:44 of 3rd period - Shot Misses the Net.
17:52 of 3rd period - Keith Seabrook is hit by Dillon Heatherington and loses puck.
18:55 of 3rd period - Jason Zucker is hit by Nathan Gerbe.
19:03 of 3rd period - Snap shot by Jason Zucker.
19:03 of 3rd period - Stopped by Olivier Roy with a rebound.
19:11 of 3rd period - Griffins, Olivier Roy is pulled from the net.
19:37 of 3rd period - Minor Penalty to Timothy Kunes for Hooking.
19:38 of 3rd period - Ryan Fitzgerald wins face-off versus Robert Dome in Patriotes zone.
Goals for this period are 3 for Patriotes vs 4 for Griffins.
Shots for this period are 15 for Patriotes vs 10 for Griffins.